 Dungeon Crawl Stone Soup version 0.29-a0-337-g68df138881 (webtiles) character file.

Game seed: 12939341737736137860

1154 enile the Shooter (level 8, -4/60 HPs)
             Began as a Gnoll Wanderer on Apr 17, 2022.
             Was a Believer of Dithmenos.
             Engulfed by a steam dragon's steam (7 damage)
             ... on level 6 of the Dungeon.
             The game lasted 00:08:18 (4866 turns).

enile the Shooter (Gnoll Wanderer)                  Turns: 4866, Time: 00:08:19

Health: -4/60      AC: 10    Str: 18    XL:     8   Next: 38%
Magic:  14/14      EV: 11    Int:  9    God:    Dithmenos [**....]
Gold:   286        SH:  0    Dex: 14    Spells: 15/15 levels left

rFire   x . .      SeeInvis .   a - +2 shortbow
rCold   + . .      Faith    .   (shield currently unavailable)
rNeg    . . .      Spirit   .   r - +2 scale mail of Faleth {Harm Str+4}
rPois   .          Reflect  .   (no helmet)
rElec   .          Harm     +   (no cloak)
rCorr   .          Rampage  .   (no gloves)
Will    .....                   c - +0 pair of boots
Stlth   +++.......              (no amulet)
HPRegen 0.20/turn               y - ring of ice
MPRegen 0.14/turn               (no ring)

@: wreathed by umbra
A: fangs 1, strong nose, distributed training
a: Renounce Religion, Shadow Step


You were on level 6 of the Dungeon.
You worshipped Dithmenos.
Dithmenos was pleased with you.
You visited 1 branch of the dungeon, and saw 6 of its levels.

You collected 286 gold pieces.

Inventory:

Hand Weapons
 a - a +2 shortbow (weapon)
 b - a +0 hand crossbow
 v - a +0 war axe
 w - a +2 dagger of venom
Armour
 c - a +0 pair of boots (worn)
 e - a +0 leather armour
 f - a +1 chain mail of cold resistance
 r - the +2 scale mail of Faleth (worn) {Harm Str+4}
   (You found it on level 3 of the Dungeon)

   Str:       It affects your strength (+4).
   Harm:      It increases damage dealt and taken.
Jewellery
 j - a ring of fire
 m - an amulet of magic regeneration
 n - a ring of fire
 y - a ring of ice (left hand)
Wands
 i - a wand of paralysis (6)
 B - a wand of iceblast (9)
Scrolls
 d - a scroll of enchant weapon {unknown}
 g - 2 scrolls of fog {unknown}
 s - 2 scrolls of noise
 t - a scroll of magic mapping
 u - a scroll of identify
 D - 2 scrolls of fear {unknown}
Potions
 h - 3 potions of curing
 k - a potion of degeneration {unknown}
 l - a potion of haste {unknown}
 o - a potion of heal wounds {unknown}
 p - a potion of attraction {unknown}
 q - 6 potions of might {unknown}
 x - a potion of invisibility {unknown}
 z - 2 potions of ambrosia {unknown}
 A - a potion of lignification {unknown}
 C - a potion of cancellation {unknown}


   Skills:
 + Level 4.2 Fighting
 + Level 3.2 Short Blades
 + Level 3.2 Long Blades
 + Level 3.2 Axes
 + Level 3.2 Maces & Flails
 + Level 3.2 Polearms
 + Level 3.2 Staves
 + Level 3.2 Slings
 + Level 7.3 Bows
 + Level 4.2 Crossbows
 + Level 4.2 Throwing
 + Level 3.2 Armour
 + Level 3.2 Dodging
 + Level 6.8 Stealth
 + Level 3.2 Shields
 + Level 3.2 Unarmed Combat
 + Level 4.3 Spellcasting
 + Level 2.6 Conjurations
 + Level 2.6 Hexes
 + Level 2.6 Summonings
 + Level 2.6 Necromancy
 + Level 2.6 Translocations
 + Level 2.6 Transmutations
 + Level 2.6 Fire Magic
 + Level 2.6 Ice Magic
 + Level 2.6 Air Magic
 + Level 2.6 Earth Magic
 + Level 2.6 Poison Magic
 + Level 3.5 Invocations
 + Level 3.2 Evocations


You had 15 spell levels left.
You didn't know any spells.
Your spell library contained the following spells:

 Spells                   Type           Power      Damage    Failure   Level
 Slow                     Hex            24%        N/A       28%         1
 Confusing Touch          Hex            6%         N/A       63%         3
 Conjure Flame            Conj/Fire      6%         6-21      63%         3
 Ignite Poison            Fire/Tmut/Pois 6%         N/A       63%         3
 Vampiric Draining        Necr           6%         2d6       63%         3
 Sticky Flame             Conj/Fire      6%         2d3       95%         4


Dungeon Overview and Level Annotations

Branches:
Dungeon (6/15)             Temple (0/1) D:5

Altars:
Cheibriados
Dithmenos
Kikubaaqudgha
Uskayaw
Yredelemnul


Innate Abilities, Weirdness & Mutations

You have very sharp teeth.
Your uncanny sense of smell can sniff out nearby items.
Your experience applies equally to all skills.


Message History

Press: ? - help, Shift-Dir - straight line, f/p - hound
Aim: a hound (severely wounded, umbra, 57% to hit)
You shoot an arrow. The arrow closely misses the hound.
The hound bites you but does no damage. The hound closely misses you.
Shoot: a) +2 shortbow
Press: ? - help, Shift-Dir - straight line, f/p - hound
Aim: a hound (severely wounded, umbra, 57% to hit)
You shoot an arrow. The arrow misses the hound.
The arrow hits the steam dragon but does no damage.
The hound barely misses you. The hound bites you but does no damage.
Shoot: a) +2 shortbow
Press: ? - help, Shift-Dir - straight line, f/p - hound
Aim: a hound (heavily wounded, umbra, 57% to hit)
You shoot an arrow. The arrow hits the hound.
The hound is almost dead.
The hound barely misses you. The hound bites you.
Shoot: a) +2 shortbow
Press: ? - help, Shift-Dir - straight line, f/p - hound
Aim: a hound (almost dead, umbra, 57% to hit)
You shoot an arrow. The arrow hits the hound!
You kill the hound!
Dithmenos accepts your kill. The steam dragon breathes steam at you.
The ball of steam hits you! The steam scalds you terribly!
* * * LOW HITPOINT WARNING * * *
The steam dragon bites you.
* * * LOW HITPOINT WARNING * * *
The steam dragon barely misses you.
Okay, then.
Okay, then.
Press: ? - help, v - describe, . - travel The floor.
This square is wreathed by an umbra.
There is a cloud of steam here.
Aiming: Paralyse
Press: ? - help, Shift-Dir - straight line, f - steam dragon
Aim: a steam dragon (catching its breath, umbra, chance to affect: 57%)
The steam dragon resists with significant effort.
You are engulfed in a cloud of scalding steam.
You die...

#.......#.8.###.♣.# .
......>..#.#.###.#...
#####...####.####...
#....##.♣.# ..
#.#...##.## #
####.##....#.......
#..........†.###...
###§##.###...###
#...@#.# ##.D.##
#..D§#.# ##....#
#....#.# #.....#
#......# #.....#
#......# #.....##
#####..###......#
#.###.)...#.# #
...###..##.....#)###..
#.......).............


You could see a steam dragon (catching breath).

Vanquished Creatures
  Grinder (D:4)
  Menkaure (D:6)
  An ice beast (D:5)
  An orc warrior (D:5)
  A sky beast (D:5)
  An ogre (D:6)
  A bullfrog (D:6)
  A scorpion (D:5)
  An orc priest (D:5)
  2 hounds
  A jelly (D:6)
  2 iguanas
  3 gnolls (D:5)
  4 adders
  2 white imps (D:5)
  A worm (D:3)
  4 dart slugs
  7 orcs
  8 ball pythons
  7 endoplasms
  2 giant cockroaches (D:4)
  5 hobgoblins
  3 jackals (D:2)
  5 kobolds
  5 quokkas
  5 bats
  3 frilled lizards
  6 goblins
  A rat (D:1)
85 creatures vanquished.

Notes
Turn   | Place    | Note
-------+----------+-------------------------------------------
     0 | D:1      | enile the Gnoll Wanderer began the quest for the Orb.
     0 | D:1      | enile set off with the following items: a +2 shortbow, a +0
                  | hand crossbow, a +0 pair of boots, a potion of berserk
                  | rage, a +0 leather armour
     0 | D:1      | Reached XP level 1. HP: 17/17 MP: 4/4
    78 | D:1      | Reached XP level 2. HP: 23/23 MP: 5/5
   180 | D:1      | Found a faded altar of an unknown god.
   183 | D:1      | Prayed at the altar of an unknown god.
   183 | D:1      | Became a worshipper of Dithmenos the Shadowed
   183 | D:1      | Reached * piety under Dithmenos
   409 | D:1      | Reached XP level 3. HP: 28/28 MP: 7/7
   739 | D:2      | Reached skill level 1 in Invocations
  1493 | D:3      | Reached ** piety under Dithmenos
  1498 | D:3      | Reached skill level 1 in Short Blades
  1498 | D:3      | Reached skill level 1 in Long Blades
  1498 | D:3      | Reached skill level 1 in Axes
  1498 | D:3      | Reached skill level 1 in Maces & Flails
  1498 | D:3      | Reached skill level 1 in Polearms
  1498 | D:3      | Reached skill level 1 in Staves
  1498 | D:3      | Reached skill level 1 in Slings
  1498 | D:3      | Reached skill level 1 in Armour
  1498 | D:3      | Reached skill level 1 in Dodging
  1498 | D:3      | Reached skill level 1 in Shields
  1498 | D:3      | Reached skill level 1 in Unarmed Combat
  1498 | D:3      | Reached skill level 1 in Evocations
  1512 | D:3      | Reached XP level 4. HP: 24/34 MP: 8/8
  1665 | D:3      | Identified the +2 scale mail of Faleth {Harm Str+4}
  1999 | D:3      | Found a snail-covered altar of Cheibriados.
  2068 | D:3      | Found an ancient bone altar of Kikubaaqudgha.
  2406 | D:4      | Reached skill level 1 in Conjurations
  2406 | D:4      | Reached skill level 1 in Hexes
  2406 | D:4      | Reached skill level 1 in Summonings
  2406 | D:4      | Reached skill level 1 in Necromancy
  2406 | D:4      | Reached skill level 1 in Translocations
  2406 | D:4      | Reached skill level 1 in Transmutations
  2406 | D:4      | Reached skill level 1 in Fire Magic
  2406 | D:4      | Reached skill level 1 in Ice Magic
  2406 | D:4      | Reached skill level 1 in Air Magic
  2406 | D:4      | Reached skill level 1 in Earth Magic
  2406 | D:4      | Reached skill level 1 in Poison Magic
  2440 | D:4      | Found a basalt altar of Yredelemnul.
  2662 | D:4      | Reached XP level 5. HP: 40/40 MP: 9/9
  2897 | D:4      | Noticed Grinder
  3136 | D:4      | Paralysed by Grinder for 2 turns
  3143 | D:4      | Killed Grinder
  3144 | D:4      | Reached XP level 6. HP: 37/47 MP: 9/11
  3357 | D:5      | Entered Level 5 of the Dungeon
  3358 | D:5      | Found a hide-covered altar of Uskayaw.
  3383 | D:5      | Noticed an orc warrior
  3389 | D:5      | Noticed an ice beast
  3546 | D:5      | Noticed a sky beast
  3554 | D:5      | Killed a sky beast
  3555 | D:5      | Reached XP level 7. HP: 35/52 MP: 12/12
  3628 | D:5      | Reached skill level 7 in Bows
  4116 | D:5      | Found a staircase to the Ecumenical Temple.
  4693 | D:6      | Reached XP level 8. HP: 60/60 MP: 14/14
  4729 | D:6      | Noticed Menkaure
  4746 | D:6      | Killed Menkaure
  4865 | D:6      | HP: 3/60 [steam dragon (7)]
  4866 | D:6      | Engulfed by a steam dragon's steam

Illustrated notes

Levels and vault maps discovered:
D:1:      wheals_arrival_shading, layout_loops_cross,
          ebering_ecumenical_altar_mist
D:2:      layout_rooms, serial_co_window_serial, co_window_paths_a,
          co_window_paths_a, co_window_paths_b, co_window_corner_a,
          co_window_paths_a, co_window_paths_a, co_window_corner_a,
          co_window_broadway_a, co_window_cross_4, co_window_of_opportunity_b,
          co_window_paths_d, glass_columns_c, glass_columns_a, glass_columns_a
D:3:      layout_basic, kiku_gazebo_garden_becter, chei_slow_surprise
D:4:      layout_gridville, mainiacjoe_overflow_small_starburst, uniq_grinder
D:5:      layout_basic, nicolae_uskayaw_dance_hall,
          minmay_temple_entry_metal_lava
D:6:      layout_rooms, nicolae_ru_path_of_blood, vehumet_crystals,
          grunt_decor_mini_mirrors, uniq_menkaure

Skill      XL: |  1  2  3  4  5  6  7  8 |
---------------+-------------------------+-----
Stealth        | 6 |  6.8
Invocations    | 1 2 3 |  3.5
Short Blades   | 1 2 3 |  3.2
Long Blades    | 1 2 3 |  3.2
Axes           | 1 2 3 |  3.2
Maces & Flails | 1 2 3 |  3.2
Polearms       | 1 2 3 |  3.2
Staves         | 1 2 3 |  3.2
Slings         | 1 2 3 |  3.2
Armour         | 1 2 3 |  3.2
Dodging        | 1 2 3 |  3.2
Shields        | 1 2 3 |  3.2
Unarmed Combat | 1 2 3 |  3.2
Evocations     | 1 2 3 |  3.2
Spellcasting   | 3 4 |  4.3
Conjurations   | 1 2 |  2.6
Hexes          | 1 2 |  2.6
Summonings     | 1 2 |  2.6
Necromancy     | 1 2 |  2.6
Translocations | 1 2 |  2.6
Transmutations | 1 2 |  2.6
Fire Magic     | 1 2 |  2.6
Ice Magic      | 1 2 |  2.6
Air Magic      | 1 2 |  2.6
Earth Magic    | 1 2 |  2.6
Poison Magic   | 1 2 |  2.6
Fighting       | 3 4 |  4.2
Crossbows      | 3 4 |  4.2
Throwing       | 3 4 |  4.2
Bows           | 7 |  7.3

Action                   |  1- 3 |  4- 6 |  7- 9 || total
-------------------------+-------+-------+-------++-------
Melee: Dagger            |       |     7 |    21 ||    28
       Bite              |       |     1 |     7 ||     8
       War axe           |       |       |    15 ||    15
       Punch             |       |       |     2 ||     2
 Fire: Shortbow          |   104 |    73 |    37 ||   214
Evoke: Wand              |       |       |     3 ||     3
  Use: Scroll            |       |     5 |       ||     5
       Potion            |       |       |     2 ||     2
 Stab: Sleeping          |       |     1 |       ||     1
       Distracted        |       |       |     1 ||     1
Armor: Leather armour    |     7 |       |       ||     7
       Scale mail        |       |    20 |    28 ||    48
Dodge: Dodged            |    13 |    35 |    25 ||    73

Table legend: (Time is in decaauts)
 A = Elapsed time spent in this place.
 B = Non-inter-level travel time spent in this place.
 C = Inter-level travel time spent in this place.
 D = Time resting spent in this place.
 E = Time spent auto-exploring this place.
 F = Levels seen in this place.
 G = Mean time per level.
                   A        B        C        D        E       F      G
               +--------+--------+--------+--------+--------+-----+--------+
         Total |   4936 |   4685 |    251 |    455 |   3614 |   6 |  822.7 |
       Dungeon |   4936 |   4685 |    251 |    455 |   3614 |   6 |  822.7 |
               +--------+--------+--------+--------+--------+-----+--------+

Top non-repeatable levels by time:
     D:4: 1247 daAuts
     D:5: 1113 daAuts
     D:3: 877 daAuts
     D:2: 858 daAuts
     D:1: 635 daAuts
     D:6: 203 daAuts
